wizbiz, neutral female human Wizard --------- ----- |.......| |Y..-################*#######*# ------ |........# ####..>.| # |....| |.......|# # |...| ### #.....| |.......|### |....######## --------- # #|<...| |........) ---|- # |.......-# ### ##-.|..| ---------# ## ##-.......|# # ##|[...| # # |.......|# ### ####|....| # ### |.......|# # # #--|--- # # ---------# #### # ### ### ### # ## # # #----.----- # #### # ### #-........| # # # # |........| ###### # ### ## |......... # -------+-# ----.---- |........| ###|.......|# |.......| ---------- #........|# |.......| |........# |..(....| --------- --------- wizbiz the Thaumaturge Experience level: 8 Strength: 10 Dexterity: 12 Constitution: 18 Intelligence: 18 Wisdom: 13 Charisma: 8 Health: 0(74) Energy: 4(70) Def: 2 Gold: 2937 Moves: 9722 Dungeon seed: IMg9DQtqlrWDg6fr Game ID: wizbiz_1526954095 Your Inventory: Coins $ - 2937 gold pieces Weapons b - a +0 orcish dagger U - the rustproof +0 Magicbane (weapon in hand) Armor e - an uncursed +0 cloak of magic resistance (being worn) x - an uncursed +0 elven leather helm (being worn) Comestibles D - 2 uncursed food rations V - an uncursed tin of spinach Scrolls i - 2 uncursed scrolls of remove curse j - an uncursed scroll of charging u - a blessed scroll of punishment y - an uncursed scroll of identify G - 2 uncursed scrolls of destroy armor M - an uncursed scroll of earth Q - 2 uncursed scrolls of teleportation Spellbooks l - a blessed spellbook of force bolt m - an uncursed spellbook of create monster B - an uncursed spellbook of charm monster C - an uncursed spellbook of magic missile Potions f - a blessed potion of monster detection h - 2 uncursed potions of sickness o - an uncursed potion of confusion r - an uncursed potion of levitation t - an uncursed potion of paralysis v - an uncursed potion of booze P - 2 uncursed potions of object detection X - a blessed potion of gain energy Z - an uncursed potion of see invisible Rings c - an uncursed ring of stealth (on left hand) d - an uncursed ring of protection from shape changers k - an uncursed ring of poison resistance R - an uncursed ring of shock resistance W - a cursed -2 ring of protection Wands s - a wand of digging (0:0) J - a wand of make invisible (0:5) S - a wand of create monster (0:14) T - a wand of magic missile (0:6) Tools n - an uncursed blindfold E - an uncursed lock pick K - an uncursed tallow candle (0:200) L - an uncursed wax candle (0:400) Gems z - 2 uncursed citrine stones N - an uncursed worthless piece of white glass Spells and supernatural/magical abilities: Name Level Category Fail Memory a - force bolt 1 attack 0% 52% e - charm monster 3 enchantment 0% 84% m - magic missile 2 attack 0% 58% O - create monster 2 clerical 43% 52% W - pray for help -- divine ? -- Your skills at the end: Fighting Skills Weapon Skills dagger [Basic] quarterstaff [Basic] Spellcasting Skills attack spells [Skilled] enchantment spells [Basic] Final Attributes: You were piously aligned. You were magic-protected. You were telepathic. You were invisible. You were stealthy. You were held by an owlbear. You are dead. Vanquished creatures: a large mimic a small mimic a crocodile a giant beetle 2 cockatrices 2 wolves a gremlin a leprechaun an orc-captain a black light a rust monster 2 blue jellies a rope golem a Woodland-elf a bugbear 2 imps a wood nymph 2 water nymphs 2 mountain nymphs 3 Mordor orcs 5 rock piercers a rock mole 2 ponies 4 yellow lights 2 shriekers a gnomish wizard a ghoul 3 straw golems 2 paper golems 3 giant ants a little dog 5 floating eyes a dwarf 3 kobold lords 22 hill orcs 6 rothes 2 centipedes a giant bat an orc zombie 5 iguanas 5 coyotes 7 hobbits 7 manes a large kobold 5 hobgoblins 4 giant rats 3 cave spiders 2 brown molds a yellow mold 2 green molds 2 red molds 5 gnomes 2 gnome zombies 8 geckos 6 jackals 2 foxes 2 kobolds 3 goblins 6 sewer rats 12 grid bugs 2 bats 5 lichens 3 kobold zombies 9 newts 203 creatures vanquished. Voluntary challenges: You used a wielded weapon 204 times, starting on turn 21. You read items or engraved 12 times, starting on turn 1318. You never genocided any monsters. You never polymorphed an object. You never changed form. You used no wishes. You never split a pudding. You wrote Elbereth's name 1 time, starting on turn 9426. You violated your moral code, losing 24 points of alignment, starting on turn 4381. Dungeon overview: The Dungeons of Doom: levels 1 to 10 Level 1 some fountains a long staircase Level 2 a sink Level 3 a general store, an altar to Thoth, a sink stairs to The Gnomish Mines Level 4 Level 5 Level 6 stairs to Sokoban Level 7 Level 8 <- You were here Level 9 Level 10 The Gnomish Mines: Level 4 stairs to The Dungeons of Doom Sokoban: Level 5 stairs to The Dungeons of Doom History has recorded: On T:1 you entered the Dungeons of Doom to retrieve the Amulet of Yendor! On T:412 you reached level 2 of The Dungeons of Doom. On T:560 you reached level 3 of The Dungeons of Doom. On T:704 you advanced to experience level 2. On T:961 you reached level 1 of The Gnomish Mines. On T:1111 you reached level 4 of The Dungeons of Doom. On T:1143 you advanced to experience level 3. On T:1888 you advanced to experience level 4. On T:2480 you received Magicbane from Thoth. On T:3032 you advanced to experience level 5. On T:3053 you reached level 5 of The Dungeons of Doom. On T:3609 you reached level 6 of The Dungeons of Doom. On T:3807 you advanced to experience level 6. On T:4471 you reached level 4 of Sokoban. On T:4655 you advanced to experience level 7. On T:4823 you reached level 7 of The Dungeons of Doom. On T:6977 you reached level 8 of The Dungeons of Doom. On T:7247 you reached level 9 of The Dungeons of Doom. On T:8153 you advanced to experience level 8. On T:9052 you reached level 10 of The Dungeons of Doom. Score breakdown: Gold: 2937 (11797 points) Experience: 8 levels (14739 points) Exploration: 10 levels ( 21.74%) (13416 points) Discoveries: 17 items ( 5.92%) ( 7301 points) Valuables value: (no points given unless you survive) Artifact value: 3500 (12056 points) Variety of kills: 64 monsters ( 16.80%) (12295 points) Turncount: 9722 turns (-2336 points) Survival: died (score multiplied by 80%) Total score: 55414 Latest messages: You kill the jackal! The magic missile bounces! The magic missile hits you! The missiles bounce off! The magic missile bounces! You stop searching. The spell misses the ogre. The spell misses the ogre. The owlbear hits! (2x) The owlbear grabs you! You cannot escape from the owlbear! The owlbear hits! (2x) You are being crushed. You cannot escape from the owlbear! The owlbear hits! (2x) You are being crushed. You cannot escape from the owlbear! The owlbear hits! (2x) You die... Final status: Goodbye wizbiz the Wizard, killed by an owlbear... You died in The Dungeons of Doom on dungeon level 8 with 55414 points, and 2937 pieces of gold, after 9722 moves. You were level 8 with a maximum of 74 hit points when you died.